 Dungeon Crawl Stone Soup version 0.32-a0-30-gefbe487952 (webtiles) character file.

Game seed: 425404265046883349

2788 Curundu the Severer (level 9, 0/70 HPs)
             Began as a Minotaur Berserker on Jan 19, 2024.
             Was a Priest of Trog.
             Killed from afar by a gnoll (13 damage)
             ... with a bolt of light
             ... led by a gnoll sergeant
             ... on level 7 of the Dungeon.
             The game lasted 00:17:03 (5117 turns).

Curundu the Severer (Minotaur Berserker)            Turns: 5117, Time: 00:17:04

Health: 0/70       AC: 11    Str: 27    XL:     9   Next: 43%
Magic:  8/8        EV:  9    Int:  4    God:    Trog [***...]
Gold:   348        SH:  0    Dex:  9    Spells: 8/8 levels left

rFire   . . .        a - +0 hand axe (flame)
rCold   . . .        (no shield)
rNeg    . . .        j - +0 chain mail
rPois   .            (helmet restricted)
rElec   .            m - +2 cloak
rCorr   .            (no gloves)
SInv    .            (no boots)
Will    .....        (no amulet) Stlth
                     e - +4 ring of slaying
HPRegen 0.31/turn    (no ring)
MPRegen 0.11/turn

%: no passive effects
@: confused
A: horns 2, retaliatory headbutt
a: Renounce Religion, Berserk, Trog's Hand


You were on level 7 of the Dungeon.
You worshipped Trog.
Trog was most pleased with you.
You visited 2 branches of the dungeon, and saw 8 of its levels.

You collected 348 gold pieces.

Inventory:

Hand Weapons
 a - a +0 hand axe of flaming (weapon)
Missiles
 d - a throwing net
 i - 8 boomerangs (quivered)
Armour
 j - a +0 chain mail (worn)
 m - a +2 cloak (worn)
Jewellery
 e - a +4 ring of slaying (left hand)
 f - a +6 ring of intelligence
 l - an amulet of guardian spirit
Wands
 g - a wand of flame (12)
Scrolls
 h - 5 scrolls of identify
Potions
 b - a potion of ambrosia
 c - a potion of experience {unknown}
 k - a potion of haste {unknown}
 n - 2 potions of curing {unknown}
 o - a potion of might {unknown}


   Skills:
 - Level 3.6 Fighting
 + Level 15.6 Axes
 - Level 2.4 Armour
 - Level 2.1 Dodging


You had 8 spell levels left.
You didn't know any spells.
Your spell library was empty.

Dungeon Overview and Level Annotations

Branches:
Dungeon (7/15)             Temple (1/1) D:6

Altars:
Ashenzari
Cheibriados
Elyvilon
Fedhas
Gozag
Hepliaklqana
Kikubaaqudgha
Makhleb
Nemelex Xobeh
Okawaru
Qazlal
Ru
Sif Muna
Trog
Uskayaw
Vehumet
Wu Jian
Xom
Yredelemnul
Zin
The Shining One


Innate Abilities, Weirdness & Mutations

You have a pair of horns on your head.
You reflexively headbutt those who attack you in melee.


Message History

You bump into the rock wall.
The gnoll zaps a wand.
The bolt of light hits the gnoll!
The gnoll dies!
The bolt of light misses you. Something hits you.
You bump into the rock wall.
The gnoll zaps a wand.
The bolt of light hits you! Something hits you.
You slash something! You burn something. Trog accepts your kill.
Trog appreciates your killing of a magic user.
Reactivating autopickup.
You feel a bit more experienced.
You bump into the rock wall.
The orc hits you but does no damage.
A gnoll comes into view. It is wielding a +0 whip.
The gnoll shouts!
The gnoll hits you but does no damage.
Things that are here:
a +0 spear; a +0 ring mail; a gnoll corpse You bump into the rock wall.
The orc barely misses you.
The gnoll hits you but does no damage. x2
You hit the orc. You burn the orc. Your headbutt misses the orc.
The orc is heavily wounded.
You hit the gnoll. You burn the gnoll. You closely miss the orc.
The orc is heavily wounded.
You hit the gnoll but do no damage. The orc closely misses you.
The gnoll zaps a wand.
The bolt of light hits you!
You are more confused.
* * * LOW HITPOINT WARNING * * *
The bolt of light hits the orc!
The orc dies!
The gnoll hits you from afar with a +0 spear.
* * * LOW HITPOINT WARNING * * *
The gnoll attacks as it pursues you! The gnoll barely misses you.
The orc barely misses you.
Things that are here:
a +0 flail; a +0 leather armour You hit the orc but do no damage.
You headbutt the orc, but do no damage. You hit the gnoll. You burn the gnoll.
The gnoll zaps a wand.
The bolt of light hits you!
You die...

#...# #.......##.# ..~..#
########.......#.# .~~~..#
#..............#.#
~~~~~..##........#####...#
~~~~~~..#........# ##..#
~~~~~~~.#######'## #..#
~~~~~~.o####....# #..#
~~~~~..#)##.....# #))#
.~~~..##g@.....## ##))
..~..##.g†.....# #.#
#...##..g......# #)# ##..
#.....#...# #.# #..
#.....##### #.# .. #.....#
#.' #.....# ### ##'#### #


You could see 3 gnolls and an orc.

Vanquished Creatures
  Pikel (D:6)
  The ghost of CraigForest the Ruffian, an amateur TrSh (D:5)
  2 water moccasins
  Duvessa (D:4)
  2 ice beasts
  A black bear (D:7)
  An ogre (D:6)
  2 phantoms
  A scorpion (D:5)
  2 gnoll sergeants
  Dowan (D:4)
  A howler monkey (D:4)
  2 bombardier beetles (D:5)
  4 hounds
  A jelly (D:5)
  7 orc priests
  A sleepcap (D:5)
  Crazy Yiuf (D:3)
  Jessica (D:3)
  4 iguanas
  6 orc wizards
  Robin (D:3)
  10 gnolls
  4 adders
  A white imp (D:4)
  2 ufetubi (D:6)
  5 dart slugs
  A ribbon worm (D:2)
  24 orcs
  4 bats
  8 endoplasms
  2 giant cockroaches (D:3)
  13 goblins
  9 hobgoblins
  3 jackals (D:5)
  4 quokkas
  3 ball pythons
  4 frilled lizards
  4 kobolds
  3 rats (D:3)
148 creatures vanquished.

Vanquished Creatures (others)
  A gnoll (D:7)
  An orc (D:7)
  A goblin (D:3)
3 creatures vanquished.

Grand Total: 151 creatures vanquished

Notes
Turn   | Place    | Note
-------+----------+-------------------------------------------
     0 | D:1      | Curundu the Minotaur Berserker began the quest for the Orb.
     0 | D:1      | Reached XP level 1. HP: 19/19 MP: 0/0
    74 | D:1      | Reached skill level 4 in Axes
   160 | D:1      | Reached XP level 2. HP: 20/26 MP: 1/1
   340 | D:1      | Found a faded altar of an unknown god.
   798 | D:1      | Reached skill level 5 in Axes
  1126 | D:2      | Reached XP level 3. HP: 28/31 MP: 2/2
  1448 | D:3      | Reached ** piety under Trog
  1466 | D:3      | Noticed Robin
  1468 | D:3      | Noticed Jessica
  1475 | D:3      | Killed Robin
  1475 | D:3      | Killed Jessica
  1476 | D:3      | Reached skill level 6 in Axes
  1476 | D:3      | Reached XP level 4. HP: 18/39 MP: 3/3
  1838 | D:3      | HP: 2/58 [gnoll/+0 club (6)]
  1842 | D:3      | Reached skill level 7 in Axes
  1842 | D:3      | Reached XP level 5. HP: 5/45 MP: 4/4
  2246 | D:3      | Reached skill level 8 in Axes
  2434 | D:3      | Found a runed translucent door.
  2435 | D:3      | Noticed Crazy Yiuf
  2443 | D:3      | Killed Crazy Yiuf
  2444 | D:3      | Reached XP level 6. HP: 51/51 MP: 5/5
  2600 | D:4      | Noticed Duvessa
  2600 | D:4      | Noticed Dowan
  2610 | D:4      | Killed Dowan
  2619 | D:4      | Killed Duvessa
  2620 | D:4      | Reached skill level 9 in Axes
  2879 | D:4      | Reached XP level 7. HP: 35/57 MP: 6/6
  3040 | D:4      | Reached skill level 10 in Axes
  3176 | D:4      | Found a burning altar of Makhleb.
  3336 | D:4      | Found a bloodstained altar of Trog.
  3452 | D:5      | Entered Level 5 of the Dungeon
  3641 | D:5      | Found a runed translucent gate.
  3641 | D:5      | Found a runed translucent gate.
  3641 | D:5      | Found a runed translucent gate.
  3654 | D:5      | Noticed CraigForest's ghost (amateur TrSh)
  3718 | D:5      | Reached skill level 11 in Axes
  4020 | D:5      | Killed CraigForest's ghost
  4021 | D:5      | Reached skill level 12 in Axes
  4021 | D:5      | Reached XP level 8. HP: 64/64 MP: 7/7
  4095 | D:6      | Noticed Pikel
  4104 | D:6      | Killed Pikel
  4105 | D:6      | Reached skill level 13 in Axes
  4216 | D:6      | Reached skill level 14 in Axes
  4239 | D:6      | Reached *** piety under Trog
  4322 | D:6      | Reached XP level 9. HP: 64/70 MP: 8/8
  4675 | D:6      | Found a shimmering blue altar of Sif Muna.
  4675 | D:6      | Found a sparkling altar of Nemelex Xobeh.
  4878 | D:6      | Found a staircase to the Ecumenical Temple.
  4899 | Temple   | Entered the Ecumenical Temple
  5076 | D:7      | Reached skill level 15 in Axes
  5117 | D:7      | Killed from afar by a gnoll

Illustrated notes

Levels and vault maps discovered:
D:1:      tarquinn_simple_flora_water_d, layout_loops_corners,
          shapermc_ecumenical_altar_petra, serial_bayou_pond_d,
          minmay_misc_feat_x
D:2:      layout_basic, uniq_natasha
D:3:      layout_basic, minmay_fractal_squares_gapless_5, uniq_jessica,
          uniq_robin, uniq_crazy_yiuf_cottage
D:4:      layout_basic, mainiacjoe_overflow_paths, makhleb_heckhound_becter,
          hangedman_decor_diamond_cutter, uniq_duvessa
D:5:      layout_rooms, gammafunk_ghost_split
D:6:      layout_basic, gammafunk_temple_overflow_elements,
          lemuel_temple_firewalk_b, uniq_pikel
D:7:      layout_basic, amcnicky_mini_pool_medium
Temple:   minmay_crystal_spiral_temple

Skill      XL: |  1  2  3  4  5  6  7  8  9 |
---------------+----------------------------+-----
Axes           | 4 5 6 7 8 9 12 14 15 | 15.6
Fighting       | |  3.6
Armour         | |  2.4
Dodging        | |  2.1

Action                     |  1- 3 |  4- 6 |  7- 9 || total
---------------------------+-------+-------+-------++-------
  Melee: Hand axe          |    65 |    97 |   153 ||   315
         Headbutt          |    12 |    13 |    21 ||    46
         Punch             |     1 |       |     3 ||     4
  Throw: Boomerang         |       |     9 |       ||     9
 Invoke: Trog's Hand       |       |     4 |     6 ||    10
         Berserk           |       |     3 |     2 ||     5
    Use: Scroll            |     1 |       |     5 ||     6
 Armour: Scale mail        |    35 |    16 |       ||    51
         Animal skin       |     3 |       |       ||     3
         Chain mail        |       |    49 |   139 ||   188
  Dodge: Dodged            |    45 |    22 |    79 ||   146

Table legend: (Time is in decaauts)
 A = Elapsed time spent in this place.
 B = Non-inter-level travel time spent in this place.
 C = Inter-level travel time spent in this place.
 D = Time resting spent in this place.
 E = Time spent auto-exploring this place.
 F = Levels seen in this place.
 G = Mean time per level.
                   A        B        C        D        E       F      G
               +--------+--------+--------+--------+--------+-----+--------+
         Total |   5099 |   5078 |     21 |    642 |   3165 |   8 |  637.4 |
       Dungeon |   5098 |   5077 |     21 |    642 |   3165 |   7 |  728.3 |
        Temple |      1 |      1 |      0 |      0 |      0 |   1 |    1.0 |
               +--------+--------+--------+--------+--------+-----+--------+

Top non-repeatable levels by time:
     D:3: 1258 daAuts
     D:1: 1051 daAuts
     D:4: 855 daAuts
     D:6: 837 daAuts
     D:5: 646 daAuts
     D:2: 300 daAuts
     D:7: 149 daAuts
  Temple: 1 daAuts
